 Dungeon Crawl Stone Soup version 0.28-a0-1128-gb845255321 (webtiles) character file.

Game seed: 14999191559572799071

313 LadyOphelia the Chopper (level 6, -1/56 HPs)
             Began as a Minotaur Berserker on Dec 12, 2021.
             Was a Believer of Trog.
             Succumbed to an adder's poison
             ... on level 3 of the Dungeon.
             The game lasted 00:04:31 (1989 turns).

LadyOphelia the Chopper (Minotaur Berserker)        Turns: 1989, Time: 00:04:36

Health: -1/56      AC:  2    Str: 24    XL:     6   Next: 19%
Magic:  5/5        EV: 13    Int:  4    God:    Trog [**....]
Gold:   115        SH:  0    Dex: 15    Spells: 5/5 levels left

rFire   . . .      SeeInvis .   a - +0 hand axe
rCold   . . .      Faith    .   (no shield)
rNeg    . . .      Spirit   .   b - +0 animal skin
rPois   .          Reflect  .   (helmet restricted)
rElec   .          Harm     .   (no cloak)
rCorr   .          Rampage  .   (no gloves)
Will    .....                   (no boots)
Stlth   +.........              (no amulet)
HPRegen 0.18/turn               j - +6 ring of dexterity
MPRegen 0.09/turn               (no ring)

@: confused, lethally poisoned (-1 -> -19), on berserk cooldown, slowed, very
slow
A: horns 2, retaliatory headbutt
a: Renounce Religion, Berserk, Trog's Hand


You were on level 3 of the Dungeon.
You worshipped Trog.
Trog was pleased with you.
You visited 1 branch of the dungeon, and saw 3 of its levels.

You collected 115 gold pieces.

Inventory:

Hand Weapons
 a - a +0 hand axe (weapon)
Armour
 b - a +0 animal skin (worn)
Jewellery
 c - a ring of positive energy
 j - a +6 ring of dexterity (left hand)
Wands
 i - a wand of iceblast (4)
Scrolls
 d - a scroll of magic mapping {unknown}
 e - 4 scrolls of identify {unknown}
 h - a scroll of enchant armour {unknown}
 k - 2 scrolls of teleportation {unknown}
Potions
 f - a potion of brilliance {unknown}
 g - a potion of mutation {unknown}


   Skills:
 + Level 5.2 Fighting
 + Level 6.2 Axes
 + Level 2.9 Armour
 + Level 3.8 Dodging
 + Level 0.5 Stealth


You had 5 spell levels left.
You didn't know any spells.
Your spell library was empty.

Dungeon Overview and Level Annotations

Branches:
Dungeon (3/15)

Altars:
Ru

Shops:
D:1 ?


Innate Abilities, Weirdness & Mutations

You have a pair of horns on your head.
You reflexively headbutt those who attack you in melee.


Message History

You kill the endoplasm!
Trog accepts your kill.
You are no longer berserk.
You are exhausted.
You feel yourself slow down. The adder bites you. x2
You are poisoned.
The adder poisons you!
The orc hits you with a +1 dagger of protection.
The orc wizard hits you with a +0 dagger.
You closely miss the adder. You hit the orc. You hit the orc wizard.
You feel very sick. The adder bites you but does no damage.
The orc barely misses you. The orc wizard casts a spell at you.
You are confused.
The adder bites you.
* * * LOW HITPOINT WARNING * * *
The orc hits you with a +1 dagger of protection.
* * * LOW HITPOINT WARNING * * *
The orc wizard completely misses you.
You're too confused to move!
You feel sick. The adder bites you.
* * * LOW HITPOINT WARNING * * *
You are more poisoned.
The adder poisons you!
The orc wizard hits you with a +0 dagger.
* * * LOW HITPOINT WARNING * * *
The orc hits you with a +1 dagger of protection.
* * * LOW HITPOINT WARNING * * *
The adder bites you.
* * * LOW HITPOINT WARNING * * *
You are more poisoned.
The adder poisons you!
Okay, then.
You hit the adder.
The adder is moderately wounded.
You slash the orc!
You kill the orc!
Trog accepts your kill.
You hit the orc wizard.
You die...

©#.....©.....#©.......
.#...........#..#.....
.#..#8#.#8#..#÷....###
.#..###.###..#..##.#
.#...........#..# #
.#..........©#..#
.#############).# # ..
........o##.# ..
........)@..##..
###$..#..S)...... #.
###.####.....#. .. #.
.....# #. # .......
....... .......
.......


You could see an orc wizard and an adder.

Vanquished Creatures
  The ghost of RamboRex the Covered, an amateur GrFi of Gozag (D:3)
  An orc priest (D:3)
  2 bullfrog skeletons (D:3)
  A centaur skeleton (D:3)
  Jessica (D:2)
  An adder (D:3)
  A dart slug (D:2)
  2 orcs (D:3)
  5 endoplasms
  2 giant cockroaches (D:1)
  4 goblins
  5 hobgoblins
  2 jackals (D:1)
  A quokka (D:1)
  3 ball pythons
  5 bats
  A frilled lizard (D:1)
  4 kobolds
  6 rats
48 creatures vanquished.

Notes
Turn   | Place    | Note
-------+----------+-------------------------------------------
     0 | D:1      | LadyOphelia the Minotaur Berserker began the quest for the
                  | Orb.
     0 | D:1      | Reached XP level 1. HP: 19/19 MP: 0/0
   148 | D:1      | Reached XP level 2. HP: 12/27 MP: 1/1
   386 | D:1      | Found a faded altar of an unknown god.
   401 | D:1      | Reached skill level 4 in Axes
   669 | D:1      | Found Zirr's Magic Scroll Shoppe.
  1111 | D:2      | Noticed Jessica
  1116 | D:2      | Killed Jessica
  1117 | D:2      | Reached XP level 3. HP: 27/34 MP: 2/2
  1615 | D:2      | Found a sacrificial altar of Ru.
  1644 | D:2      | Reached ** piety under Trog
  1682 | D:3      | Reached XP level 4. HP: 41/41 MP: 3/3
  1710 | D:3      | Found a transporter.
  1712 | D:3      | Noticed RamboRex's ghost (amateur GrFi)
  1732 | D:3      | Reached skill level 5 in Axes
  1732 | D:3      | Killed RamboRex's ghost
  1733 | D:3      | Reached skill level 5 in Fighting
  1733 | D:3      | Reached XP level 5. HP: 35/48 MP: 4/4
  1736 | D:3      | Found a transporter.
  1744 | D:3      | Reached skill level 6 in Axes
  1744 | D:3      | Reached XP level 6. HP: 22/56 MP: 5/5
  1989 | D:3      | Succumbed to an adder's poison

Illustrated notes

Levels and vault maps discovered:
D:1:      psy_arrival_whirlpool, layout_basic, serial_shops, shop_fountains,
          shapermc_ecumenical_altar_venn
D:2:      layout_basic, basic_altar, minivault_27, uniq_jessica
D:3:      layout_rooms, mainiacjoe_overflow_paths, jmf_multi_god_temple,
          marbit_many_paths, serial_glass, glass_columns_a, glass_columns_b,
          gammafunk_ghost_mausoleum

Skill      XL: |  1  2  3  4  5 |
---------------+----------------+-----
Fighting       | 4 5 |  5.2
Axes           | 4 5 6 |  6.2
Dodging        | 3 |  3.8
Armour         | |  2.9
Stealth        | |  0.5

Action                   |  1- 3 |  4- 6 || total
-------------------------+-------+-------++-------
Melee: Hand axe          |    65 |    24 ||    89
       Headbutt          |     9 |     7 ||    16
Invok: Berserk           |       |     2 ||     2
Armor: Animal skin       |    22 |     4 ||    26
Dodge: Dodged            |    64 |    24 ||    88

Table legend: (Time is in decaauts)
 A = Elapsed time spent in this place.
 B = Non-inter-level travel time spent in this place.
 C = Inter-level travel time spent in this place.
 D = Time resting spent in this place.
 E = Time spent auto-exploring this place.
 F = Levels seen in this place.
 G = Mean time per level.
                   A        B        C        D        E       F      G
               +--------+--------+--------+--------+--------+-----+--------+
         Total |   2004 |   1968 |     36 |    199 |   1291 |   3 |  668.0 |
       Dungeon |   2004 |   1968 |     36 |    199 |   1291 |   3 |  668.0 |
               +--------+--------+--------+--------+--------+-----+--------+

Top non-repeatable levels by time:
     D:1: 1057 daAuts
     D:2: 624 daAuts
     D:3: 322 daAuts
